 Dungeon Crawl Stone Soup version 0.28-a0-867-g278d75a (webtiles) character file.

Game seed: 12264909319180471480

185 Meow the Chiller (level 5, 42/42 HPs)
             Began as a Naga Ice Elementalist on Nov 20, 2021.
             Quit the game on level 3 of the Dungeon.
             The game lasted 00:08:37 (2826 turns).

Meow the Chiller (Naga Ice Elementalist)            Turns: 2826, Time: 00:08:38

Health: 42/42      AC:  3    Str: 11    XL:     5   Next: 64%
Magic:  10/10      EV:  9    Int: 16    God:
Gold:   72         SH:  0    Dex: 11    Spells: 4/11 levels left

rFire   . . .      SeeInvis +   a - +2 mace (protect)
rCold   . . .      Faith    .   (no shield)
rNeg    . . .      Spirit   .   s - +0 robe
rPois   +          Reflect  .   d - +0 helmet
rElec   .          Harm     .   (no cloak)
rCorr   .          Rampage  .   (no gloves)
Will    .....                   (no barding)
Stlth   ++........              (no amulet)
HPRegen 0.14/turn               (no ring)
MPRegen 0.12/turn               (no ring)

@: very slow
A: AC +1, large, see invisible, deformed body, poison resistance, slowness 2,
spit poison 1, naga tail 1
a: Spit Poison


You were on level 3 of the Dungeon.
You visited 1 branch of the dungeon, and saw 3 of its levels.

You collected 72 gold pieces.

Inventory:

Hand Weapons
 a - a +2 mace of protection (weapon)
 b - a +2 mace of draining
 c - a +1 dagger of venom
Missiles
 e - 113 stones (quivered)
 f - 43 bolts
 h - 25 arrows
 r - 13 sling bullets
 w - 16 poisoned darts
Armour
 d - a +0 helmet (worn)
 s - a +0 robe (worn)
Wands
 l - a wand of acid (8)
Scrolls
 j - a scroll of amnesia {unknown}
 k - a scroll of brand weapon {unknown}
 m - a scroll of enchant armour {unknown}
 n - a scroll of identify {unknown}
 v - a scroll of noise {unknown}
Potions
 g - a potion of invisibility {unknown}
 i - 2 potions of cancellation {unknown}
 o - a potion of degeneration {unknown}
 p - a potion of mutation {unknown}
 q - a potion of resistance {unknown}
 t - a potion of heal wounds {unknown}
 u - a potion of lignification {unknown}


   Skills:
 - Level 1.5 Dodging
 - Level 3.0 Stealth
 + Level 3.9 Spellcasting
 + Level 5.5 Ice Magic


You had 4 spell levels left.
You knew the following spells:

 Your Spells              Type           Power      Damage    Failure   Level
a - Freeze                Ice            80%        1d9       1%          1
e - Ozocubu's Armour      Ice            20%        N/A       5%          3
f - Frozen Ramparts       Ice            40%        1d6       5%          3

Your spell library contained the following spells:

 Spells                   Type           Power      Damage    Failure   Level
 Hailstorm                Conj/Ice       12%        3d5       47%         4
 Summon Forest            Summ/Tloc      1%         N/A       99%         5
 Summon Mana Viper        Hex/Summ       3%         N/A       99%         5
 Summon Cactus Giant      Summ           1%         N/A       100%        6


Dungeon Overview and Level Annotations

Branches:
Dungeon (3/15)

Altars:
Ashenzari
Qazlal
Uskayaw


Innate Abilities, Weirdness & Mutations

Your serpentine skin is tough. (AC +1)
You have supernaturally acute eyesight. (SInv)
Armour fits poorly on your strangely shaped body.
Your system is resistant to poisons. (rPois)
You cover ground very slowly.
You can spit poison.
You have a snake-like lower body.


Message History

The splash of poison hits the hobgoblin!
You kill the hobgoblin!
Unknown command.
You start resting.
You have got your breath back.
You start resting.
HP restored.
Things that are here:
a +0 club; a +0 robe; a gnoll corpse
Things that are here:
a +0 whip; a +0 halberd; a +0 spear of venom
Things that are here:
a +0 spear; a gnoll skeleton
Things that are here:
a +0 whip; a +0 halberd; a +0 spear of venom
Things that are here:
a +0 club; a +0 robe; a gnoll skeleton
e - 113 stones (gained 22);
u - a bubbling sapphire potion
v - a scroll labelled CIECRISUIG You now have 72 gold pieces (gained 6).
Things that are here:
a +0 club; a +0 robe; a gnoll skeleton
Things that are here:
a +0 whip; a +0 halberd; a +0 spear of venom
Things that are here:
a +0 spear; a gnoll skeleton
Found a stormy altar of Qazlal.
Found a scale mail.
There is a stone staircase leading up here.
You see here a +0 dagger.
There is a stone staircase leading up here.
Done exploring.
You see here 16 poisoned darts.
w - 16 poisoned darts Done exploring.
Done exploring.
Done exploring.
There is a stone staircase leading down here.
Okay, then.
Are you sure you want to abandon this character and quit the game? (Confirm with "yes".)

#####.........#.# #.# #...#
####...#..#.#####.#####...#
######..#...............#
#.......#..#####.####...##
#.###...##.# #.###.....##
#.#........# #..........#
#.#.#...##.# #.#.......##
###.......##.#####.#.##.).##
#.........##@......#.###..#
#.##...##.#####.####.# ##.#
#.###.###.# #.# #.# #.# #.# #.#
#.# #.# #.# #.# #.#
#.###.#####.# #.# #.# #.#
#.#.......#.# #.# #.#
#.###.#.8.8.8.#.####.####.#
#.##.#....................#
#####.###...........####.######


There were no monsters in sight!

Vanquished Creatures
  A gnoll shaman (D:3)
  4 adders
  5 gnolls
  2 worms
  3 dart slugs
  8 bats
  3 endoplasms
  3 giant cockroaches
  5 goblins (D:3)
  4 hobgoblins
  4 jackals (D:1)
  4 kobolds
  4 quokkas
  6 ball pythons
  4 frilled lizards
  4 rats
64 creatures vanquished.

Vanquished Creatures (others)
  12 plants (D:1)
12 creatures vanquished.

Grand Total: 76 creatures vanquished

Notes
Turn   | Place    | Note
-------+----------+-------------------------------------------
     0 | D:1      | Meow the Naga Ice Elementalist began the quest for the Orb.
     0 | D:1      | Reached XP level 1. HP: 15/15 MP: 3/3
   300 | D:1      | Reached XP level 2. HP: 22/22 MP: 5/5
  1066 | D:2      | Reached XP level 3. HP: 28/28 MP: 7/7
  1070 | D:2      | Learned a level 3 spell: Frozen Ramparts
  1074 | D:2      | Learned a level 3 spell: Ozocubu's Armour
  1541 | D:2      | Reached XP level 4. HP: 36/36 MP: 6/8
  1912 | D:1      | Found a faded altar of an unknown god.
  1990 | D:3      | Reached skill level 5 in Ice Magic
  2210 | D:3      | Found a broken altar of Ashenzari.
  2328 | D:3      | Found a hide-covered altar of Uskayaw.
  2464 | D:3      | Reached XP level 5. HP: 16/42 MP: 5/10
  2720 | D:3      | Found a stormy altar of Qazlal.
  2826 | D:3      | Quit the game

Illustrated notes

Levels and vault maps discovered:
D:1:      onia_arrival_pentagram, layout_basic, basic_ecumenical_altar,
          nicolae_grassy_gnolls
D:2:      layout_basic
D:3:      layout_loops_ring, eat_drink_and_be_merry_uskayaw, lemuel_round_altar,
          mainiacjoe_overflow_concentric_impassable

Skill      XL: |  1  2  3  4 |
---------------+-------------+-----
Spellcasting   | 3 |  3.9
Ice Magic      | 5 |  5.5
Dodging        | |  1.5
Stealth        | |  3.0

Action                   |  1- 3 |  4- 6 || total
-------------------------+-------+-------++-------
Melee: Mace              |     1 |     6 ||     7
Throw: Stone             |     1 |       ||     1
 Cast: Freeze            |    21 |    17 ||    38
       Frozen Ramparts   |     1 |     4 ||     5
 Abil: Spit Poison       |    35 |    27 ||    62
Evoke: Wand              |       |     2 ||     2
Armor: Robe              |     7 |     4 ||    11
Dodge: Dodged            |    13 |    11 ||    24

Table legend: (Time is in decaauts)
 A = Elapsed time spent in this place.
 B = Non-inter-level travel time spent in this place.
 C = Inter-level travel time spent in this place.
 D = Time resting spent in this place.
 E = Time spent auto-exploring this place.
 F = Levels seen in this place.
 G = Mean time per level.
                   A        B        C        D        E       F      G
               +--------+--------+--------+--------+--------+-----+--------+
         Total |   3654 |   3477 |    177 |    499 |   2265 |   3 | 1218.0 |
       Dungeon |   3654 |   3477 |    177 |    499 |   2265 |   3 | 1218.0 |
               +--------+--------+--------+--------+--------+-----+--------+

Top non-repeatable levels by time:
     D:1: 1328 daAuts
     D:2: 1230 daAuts
     D:3: 1096 daAuts
